 Dungeon Crawl Stone Soup version 0.21.1-1-g345015f (webtiles) character file.

359 Solrac the Cudgeler (level 6, 0/51 HPs)
             Began as a Formicid Fighter on Apr 6, 2018.
             Succumbed to a water moccasin's poison
             ... on level 3 of the Dungeon.
             The game lasted 00:17:41 (3583 turns).

Solrac the Cudgeler (Formicid Fighter)              Turns: 3583, Time: 00:17:42

Health: 0/51       AC:  9    Str: 24    XL:     6   Next: 98%
Magic:  4/6        EV:  8    Int:  7    God:
Gold:   188        SH: 10    Dex: 12    Spells: 5/5 levels left

rFire    . . .     SeeInvis +   a - +1 flail
rCold    . . .     Gourm    .   c - +0 shield
rNeg     . . .     Faith    .   b - +0 scale mail
rPois    .         Spirit   .   (helmet unavailable)
rElec    .         Reflect  .   (no cloak)
rCorr    .         Harm     .   e - +1 pair of gloves
MR       .....                  (no boots)
Stlth    ..........             (no amulet)
HPRegen  0.17/turn              k - +3 ring of strength
MPRegen  0.10/turn              s - ring of teleportation (curse)

@: lethally poisoned (0 -> -4)
A: permanent stasis, dig shafts and tunnels, four strong arms, antennae 3
a: Dig, Shaft Self


You were on level 3 of the Dungeon.
You were not hungry.

You visited 1 branch of the dungeon, and saw 4 of its levels.

You collected 188 gold pieces.

Inventory:

Hand Weapons
 a - a +1 flail (weapon)
Missiles
 g - 182 stones (quivered)
 t - 6 javelins
 v - 2 exploding tomahawks
Armour
 b - a +0 scale mail (worn)
 c - a +0 shield (worn)
 e - a +1 pair of gloves (worn)
Jewellery
 k - a +3 ring of strength (left hand)
 s - a cursed ring of teleportation (right hand)
 x - an uncursed ring of resist corrosion {unknown}
Wands
 m - a wand of random effects (27)
Scrolls
 j - 2 scrolls of amnesia
 l - a scroll of identify
 p - a scroll of enchant armour
Potions
 d - a potion of might
 h - a potion of degeneration {unknown}
 i - a potion of agility {unknown}
 n - 2 potions of heal wounds {unknown}
 q - 2 potions of curing {unknown}
Comestibles
 f - 10 rations


   Skills:
 + Level 5.0 Fighting
 * Level 5.3 Maces & Flails
 - Level 3.2 Armour
 + Level 4.6 Shields


You had 5 spell levels left.
You didn't know any spells.

Dungeon Overview and Level Annotations

Branches:
Dungeon (4/15)
 Temple: D:4-7

Altars:
Trog
Wu Jian
Xom


Innate Abilities, Weirdness & Mutations

You cannot be hasted, slowed, berserked, paralysed or teleported.
You can dig through walls and to a lower floor.
Your four strong arms can wield two-handed weapons with a shield.
You have a pair of large antennae on your head. (SInv)


Message History

You feel sick.
* * * LOW HITPOINT WARNING * * *
You feel sick.
* * * LOW HITPOINT WARNING * * *
You feel sick. The water moccasin barely misses you.
* * * LOW HITPOINT WARNING * * *
You feel sick.
* * * LOW HITPOINT WARNING * * *
You feel sick. You block the water moccasin's attack.
* * * LOW HITPOINT WARNING * * *
You feel sick.
* * * LOW HITPOINT WARNING * * *
You feel sick. You block the water moccasin's attack.
* * * LOW HITPOINT WARNING * * *
You feel sick.
There is a stone staircase leading up here.
You block the water moccasin's attack. The water moccasin bites you.
* * * LOW HITPOINT WARNING * * *
You climb upwards.
You die...

.#######.............#....#.#.#..
.#............##.....####'#####.#
##.............#.....#.......##.#
##.......###.........###._.###..#
##.......# ###.......#.......#...
##.......# ##......####'####...
########## #...........#.#รท###
#.S.........#.#.#
#.@##.......'...#
##..........#.#####
#................#
#......#####.###.# #......# #.#
#.# #......# #.###.. ########
#.....# #####.# #?#


You could see a water moccasin.

Vanquished Creatures
  4 crimson imps (D:3)
  A jelly (D:3)
  An orc wizard (D:4)
  A worker ant (D:4)
  5 adders
  2 oozes
  3 worms (D:3)
  2 dart slugs (D:1)
  2 leopard geckos
  5 orcs
  3 bats
  8 giant cockroaches
  6 goblins
  7 hobgoblins
  4 jackals (D:1)
  7 kobolds
  2 quokkas (D:4)
  A ball python (D:4)
  4 frilled lizards
  A leopard gecko skeleton (D:4)
  7 rats
76 creatures vanquished.

Notes
Turn   | Place    | Note
-------+----------+-------------------------------------------
     0 | D:1      | Solrac the Formicid Fighter began the quest for the Orb.
     0 | D:1      | Reached XP level 1. HP: 18/18 MP: 1/1
   428 | D:1      | Reached XP level 2. HP: 24/24 MP: 2/2
  1093 | D:1      | Reached XP level 3. HP: 30/30 MP: 3/3
  1597 | D:2      | Reached XP level 4. HP: 36/37 MP: 4/4
  1878 | D:2      | Found a bloodstained altar of Trog.
  2191 | D:3      | Reached XP level 5. HP: 42/42 MP: 5/5
  2387 | D:3      | Found a shimmering altar of Xom.
  2458 | D:3      | Reached XP level 6. HP: 48/49 MP: 6/6
  2709 | D:3      | Reached skill level 5 in Maces & Flails
  3045 | D:4      | Found an ornate altar of the Wu Jian Council.
  3195 | D:4      | Reached skill level 5 in Fighting
  3557 | D:4      | Noticed an eye of draining
  3557 | D:4      | Noticed a water moccasin
  3579 | D:4      | HP: 2/51 [poisoned by a water moccasin]
  3583 | D:3      | Succumbed to a water moccasin's poison

Skill      XL: |  1  2  3  4  5  6 |
---------------+-------------------+-----
Maces & Flails | 3 4 5 |  5.3
Fighting       | 4 5 |  5.0
Shields        | 4 |  4.6
Armour         | |  3.2

Action                   |  1- 3 |  4- 6 || total
-------------------------+-------+-------++-------
Melee: Flail             |   118 |   231 ||   349
Evoke: Wand              |       |     5 ||     5
  Use: Scroll            |       |     8 ||     8
  Eat: Chunk             |     2 |     7 ||     9
Armor: Scale mail        |    64 |    79 ||   143
Dodge: Dodged            |    49 |    76 ||   125
Block: Shield            |    68 |   112 ||   180
